Map: Ruins of Endion

Players

Miszu - Winner!

  • Race: Terran Terran
  • League: Master

Slowed

  • Race: Terran Terran
  • League: Master

VOD

Have the link to the VOD?

Description

Time

  • Played on: April 2, 2016, 10:47 a.m.
  • Length: 12:42
Show
View Real Time Build Order
Export as new Build Order

Miszu Terran - Winner!

Build Orders: 1/1/1, MMM Bio, Banshee Rush 

Get SALT Encoding   

  12  0:01  SCV  
  13  0:13  SCV  
  14  0:18  Supply Depot  
  14  0:26  SCV  
  15  0:32  Refinery  
  15  0:39  SCV  
  16  0:46  Barracks  
  16  0:51  SCV  
  16  0:56  Refinery  
  17  1:03  SCV  
  18  1:16  SCV  
  19  1:28  SCV  
  20  1:34  Factory  
  20  1:38  Reaper  
  21  1:41  Orbital Command  
  21  1:53  Supply Depot  
  21  2:06  SCV  
  22  2:10  Reaper  
  23  2:18  Hellion  
  23  2:20  Starport  
  25  2:24  SCV  
  25  2:37  SCV  
  26  2:39  Hellion  
  28  2:47  Supply Depot  
  28  2:48  Barracks Tech Lab  
  28  2:49  SCV  
  29  3:01  SCV  
  30  3:08  Hellion  
  30  3:09  Cloaking Field, Banshee  
  35  3:13  SCV  
  35  3:18  Engineering Bay  
  36  3:25  SCV  
  36  3:26  Barracks Reactor  
  37  3:37  Supply Depot  
  37  3:48  SCV  
  38  4:01  Banshee  
  41  4:07  SCV  
  42  4:10  Command Center  
  41  4:25  SCV  
  41  4:28  Marine x2  
  41  4:29  Factory Tech Lab  
  44  4:38  SCV  
  45  4:44  Viking  
  47  5:00  Supply Depot  
  47  5:11  Siege Tank  
  47  5:19  Barracks  
  47  5:21  Marine x2, SCV  
  47  5:23  Barracks  
  47  5:24  Starport Reactor  
  50  5:33  SCV  
  51  5:39  Marine x2  
  51  5:41  Orbital Command  
  53  5:45  SCV  
  53  5:48  Terran Infantry Weapons Level 1  
  54  5:50  Siege Tank  
  54  5:57  Marine x2  
  57  5:58  SCV  
  60  6:07  Marine  
  60  6:08  Stimpack, Orbital Command  
  60  6:10  Marine, SCV  
  63  6:14  Marine  
  62  6:22  Marine  
  62  6:24  Medivac x2  
  62  6:25  Marine  
  68  6:27  Marine  
  69  6:36  Marine  
  68  6:40  Marine  
  68  6:41  Siege Tank  
  68  6:42  Marine  
  69  6:49  SCV  
  70  6:57  Medivac  
  70  7:00  SCV  
  70  7:14  Marine  
  70  7:17  SCV x2  
  61  7:23  Marine  
  61  7:24  Marine x2  
  61  7:29  SCV x2  
  64  7:32  Marine  
  64  7:37  Siege Tank  
  64  7:41  Refinery, Marine, SCV x2  
  70  7:45  Supply Depot  
  70  7:46  Barracks x2  
  70  7:48  Barracks Tech Lab  
  70  7:51  Terran Infantry Armor Level 1  
  70  7:55  Supply Depot x2  
  70  8:00  Barracks Reactor  
  70  8:07  Refinery, Marine x3, Medivac, SCV x2  
  70  8:08  Combat Shields  
  77  8:25  Marine x3  
  65  8:31  Siege Tank, SCV  
  65  8:32  SCV  
  68  8:35  Medivac  
  68  8:36  Barracks Reactor  
  70  8:42  Marine x3  
  70  8:43  SCV  
  74  8:49  Marine  
  74  8:50  Marine  
  74  8:55  Command Center  
  77  9:00  Marine x3  
  77  9:01  Barracks Reactor  
  79  9:04  Engineering Bay  
  79  9:07  Marine x2  
  79  9:18  Marine x3  
  79  9:19  Marine  
  79  9:24  Marine  
  73  9:37  Marine x2  
  73  9:38  Marine x4  
  72  9:41  Marine  
  72  9:43  Medivac x2, Siege Tank  
  78  9:52  Armory  
  78  9:56  Marine  
  79  10:00  Marine x3  
  79  10:01  Marine x5  
  87  10:13  Medivac x2  
  91  10:14  Marine  
  91  10:18  Marine x2  
  94  10:24  Marine  
  94  10:26  Marine x3  
  94  10:27  Marine x2  
  100  10:32  Marine, Siege Tank  
  104  10:36  Marine x2  
  104  10:40  SCV, Orbital Command  
  104  10:42  Marine  
  106  10:43  SCV  
  106  10:44  Reaper  
  108  10:52  SCV  
  109  11:37  Factory  
  109  11:39  Sensor Tower  
  109  12:00  Factory  
  109  12:01  Supply Depot  
  109  12:04  Supply Depot, Marine x9, Medivac x2, Siege Tank  
  109  12:05  Supply Depot x2  
  125  12:23  Marine x7  
  132  12:34  Factory Tech Lab  
Show
View Real Time Build Order
Export as new Build Order

Slowed Terran 

Build Orders: 1/1/1, Liberator Opening 

Get SALT Encoding   

  12  0:01  SCV  
  13  0:13  SCV  
  14  0:18  Supply Depot  
  14  0:25  SCV  
  15  0:29  Refinery  
  15  0:39  SCV  
  16  0:46  Barracks  
  16  0:52  SCV  
  17  1:04  SCV  
  18  1:16  SCV  
  19  1:32  Refinery, Orbital Command  
  19  1:36  Factory  
  19  1:46  Supply Depot  
  19  1:49  Reaper  
  20  1:58  SCV  
  21  2:10  SCV  
  21  2:15  Supply Depot  
  22  2:21  Starport  
  22  2:23  Reaper  
  22  2:27  Hellion  
  24  2:35  SCV  
  25  2:47  SCV  
  25  2:48  Hellion  
  28  2:55  Reaper  
  28  2:57  Medivac  
  31  3:01  SCV  
  32  3:07  Engineering Bay  
  32  3:27  Command Center  
  32  3:33  Liberator  
  32  3:34  Missile Turret  
  32  3:43  Hellion  
  37  3:57  SCV  
  37  4:00  Barracks Reactor  
  37  4:09  SCV  
  38  4:15  Factory Tech Lab  
  38  4:20  Supply Depot  
  38  4:21  SCV  
  33  4:34  Viking  
  34  4:38  SCV  
  34  4:53  SCV  
  34  4:54  Marine, Siege Tank  
  39  5:06  SCV  
  38  5:08  Orbital Command  
  38  5:12  Marine  
  39  5:17  Marine  
  40  5:27  SCV  
  35  5:36  SCV  
  35  5:38  Marine x2  
  35  5:39  SCV  
  35  5:40  Orbital Command  
  38  5:52  Siege Tank  
  38  5:54  SCV  
  38  5:55  Marine  
  38  5:56  Marine  
  44  6:11  SCV  
  45  6:12  Missile Turret  
  45  6:13  Marine x2, SCV  
  46  6:27  Viking  
  46  6:31  SCV  
  50  6:32  SCV  
  50  6:39  Marine x2  
  52  6:43  SCV  
  52  6:45  SCV  
  53  6:56  SCV  
  53  6:57  Viking, SCV  
  55  7:01  Marine x2  
  55  7:05  Barracks  
  58  7:08  SCV  
  58  7:21  Siege Tank  
  58  7:22  Marine x2  
  51  7:23  SCV  
  52  7:31  Medivac  
  52  7:32  Barracks  
  46  7:39  SCV x2  
  46  7:42  Marine  
  46  7:43  Marine  
  50  7:51  SCV x2  
  52  7:52  Barracks Tech Lab  
  52  7:57  Siege Tank  
  55  8:00  Refinery  
  55  8:02  Terran Infantry Weapons Level 1  
  55  8:03  Marine x2, SCV  
  58  8:10  Supply Depot  
  58  8:14  Supply Depot  
  56  8:21  Marine  
  56  8:23  Marine x2  
  54  8:34  Barracks Reactor  
  54  8:35  SCV  
  54  8:36  Barracks  
  54  8:37  SCV  
  54  8:38  Marine  
  57  8:47  SCV  
  57  8:48  Barracks  
  58  8:49  SCV  
  58  8:51  Marine x2  
  61  8:56  Supply Depot  
  61  8:59  Medivac, SCV  
  61  9:01  Marine  
  61  9:02  SCV  
  66  9:09  Marine  
  67  9:11  Siege Tank, SCV  
  67  9:15  Marine  
  67  9:16  Marine  
  56  9:36  SCV  
  55  9:39  SCV  
  55  9:46  Marine x2  
  55  9:47  Refinery, Command Center, Marine x2  
  55  9:48  Barracks Tech Lab, SCV  
  55  9:51  SCV  
  61  9:53  Siege Tank  
  61  9:57  Barracks Tech Lab  
  64  10:00  SCV  
  64  10:04  Marine  
  66  10:09  Stimpack  
  66  10:15  SCV x2  
  66  10:19  Combat Shields  
  68  10:22  Marine  
  68  10:26  Marine  
  68  10:27  Marine, SCV  
  72  10:29  SCV  
  72  10:30  Marine  
  72  10:31  Marine  
  75  10:37  Marine x2  
  75  10:41  Terran Infantry Armor Level 1  
  75  10:42  Marine  
  77  10:44  Marine  
  77  10:45  SCV  
  77  10:46  Marine  
  77  10:48  Marine  
  82  10:58  Marine  
  82  10:59  Marine x2, Siege Tank  
  82  11:00  Marine  
  89  11:06  Marine  
  89  11:07  Marine  
  89  11:08  Marine  
  89  11:11  Supply Depot  
  90  11:16  Marine x2  
  90  11:17  Marine  
  90  11:18  Marine  
  93  11:25  Marine  
  94  11:28  Marine x2  
  95  11:34  Marine x2  
  95  11:36  Marine x2, Medivac  
  101  11:43  Marine  
  101  11:46  Marine x2  
  104  11:49  Armory  
  104  11:52  Marine  
  105  11:54  Siege Tank  
  108  12:02  Orbital Command  
  108  12:03  SCV  
  109  12:11  Marine x3  
  112  12:15  Marine x2  
  112  12:16  Marine  
  112  12:17  Marine  
Tags
 
Add a new tag
Caveats
  • Supply blocks, unpowered buildings, or Contaminate may cause inaccurate times.
  • Supply counts are checked every 10 seconds.